 Dungeon Crawl Stone Soup version 0.21.1-1-g345015fe64 (webtiles) character file.

601 Oravi the Slinger (level 7, -4/46 HPs)
             Began as a Halfling Hunter on Apr 24, 2018.
             Killed from afar by an orc wizard (6 damage)
             ... with a magic dart
             ... on level 4 of the Dungeon.
             The game lasted 00:14:28 (3336 turns).

Oravi the Slinger (Halfling Hunter)                 Turns: 3336, Time: 00:14:28

Health: -4/46      AC:  4    Str: 15    XL:     7   Next: 69%
Magic:  7/7        EV: 16    Int:  9    God:
Gold:   185        SH:  0    Dex: 15    Spells: 6/6 levels left

rFire    + . .     SeeInvis .   a - +4 hunting sling
rCold    . . .     Gourm    .   (shield restricted)
rNeg     . . .     Faith    .   c - +0 leather armour
rPois    .         Spirit   .   (no helmet)
rElec    .         Reflect  .   (no cloak)
rCorr    .         Harm     .   g - +0 pair of gloves
MR       .....                  (no boots)
Stlth    ++........             (no amulet)
HPRegen  0.15/turn              m - +1 ring of evasion
MPRegen  0.10/turn              p - ring of protection from fire

@: no status effects
A: small, mutation resistance 1
a: no special abilities


You were on level 4 of the Dungeon.
You were hungry.

You visited 1 branch of the dungeon, and saw 4 of its levels.

You collected 185 gold pieces.

Inventory:

Hand Weapons
 a - a +4 hunting sling (weapon)
 b - a +0 short sword
Missiles
 j - 21 stones (quivered)
 q - 8 sling bullets
Armour
 c - a +0 leather armour (worn)
 g - a +0 pair of gloves (worn)
 t - a +0 helmet
Jewellery
 m - a +1 ring of evasion (left hand)
 p - a ring of protection from fire (right hand)
Wands
 n - a wand of polymorph (5)
Scrolls
 e - a scroll of fog
 k - 2 scrolls of remove curse
 l - 2 scrolls of teleportation
Potions
 i - a potion of might
 o - a potion of ambrosia
Comestibles
 f - 7 rations
 h - 14 chunks of flesh


   Skills:
 + Level 3.2 Fighting
 * Level 2.1 Short Blades
 + Level 10.4 Slings
 + Level 1.9 Armour
 + Level 3.1 Dodging
 - Level 1.1 Stealth


You had 6 spell levels left.
You didn't know any spells.

Dungeon Overview and Level Annotations

Branches:
Dungeon (4/15)
 Temple: D:4-7

Altars:
Dithmenos
Elyvilon
Sif Muna
Uskayaw

Annotations:
D:2 1 runed door
D:3 Norrik's ghost, amateur MiMo


Innate Abilities, Weirdness & Mutations

You are small and have problems with some larger weapons.
You are somewhat resistant to further mutation.


Message History

* * * LOW HITPOINT WARNING * * *
The adder barely misses you. The worker ant closely misses you.
Firing (i - inventory. (,) - cycle):
j - 23 stones (quivered)
Press: ? - help, Shift-Dir - straight line, f/p - adder
Aim: an adder (heavily wounded)
You shoot a stone. The stone barely misses the adder.
You hear some strange, mumbled words.
A puff of flame appears from out of thin air!
The puff of flame hits you! You resist.
* * * LOW HITPOINT WARNING * * *
The adder misses you.
Firing (i - inventory. (,) - cycle):
j - 22 stones (quivered)
Press: ? - help, Shift-Dir - straight line, f/p - adder
Aim: an adder (heavily wounded)
You shoot a stone. The stone closely misses the adder.
The worker ant bites you but does no damage.
You hear some strange, mumbled words.
A magic dart appears from out of thin air!
The magic dart hits you!
You die...

.....# #..#.....#.# *,,,
÷....#### #####..........# *,,,
........# #......#.⌠.⌠.#.#****,,,
....###.###...##.........#*,,,,,,
.....>......[.)..#.....#..,,,,,,,
...##.#.......##...._....#*,,,,,,
......####....##.#.....#.#****+**
..##..#**#....##.........# *,**
..#...##......##@#.⌠.⌠.#.#****,,,
..#........#..()aS........,,,,,,,
..#.#...........o#.....#..,,,,,,,
###.####...#...(!.........,,,,,,,
#.,,,*.###(...((........,,,,,,,
##**,,,?*#%...(.........,,,,,,,
*,,,,,,.##....(.........,,,,,,,
***,***,,,##.....(.....(..,,,,,,,
,,,,* *,,,*#....((...(....,,,,,,,


You could see a worker ant, an adder and an orc.

Vanquished Creatures
  Sigmund (D:2)
  A hound (D:4)
  2 orc priests
  2 orc wizards
  Natasha (thrice) (D:2)
  A worker ant (D:4)
  Robin (D:3)
  7 adders
  An ooze (D:1)
  2 worms
  A dart slug (D:3)
  3 leopard geckos
  19 orcs
  5 bats
  4 giant cockroaches
  15 goblins
  8 hobgoblins
  2 jackals (D:2)
  A quokka (D:2)
  3 ball pythons
  6 frilled lizards
  2 kobolds
  8 rats
98 creatures vanquished.

Notes
Turn   | Place    | Note
-------+----------+-------------------------------------------
     0 | D:1      | Oravi the Halfling Hunter began the quest for the Orb.
     0 | D:1      | Reached XP level 1. HP: 14/14 MP: 1/1
    49 | D:1      | Reached skill level 6 in Slings
    58 | D:1      | Reached XP level 2. HP: 19/19 MP: 2/2
   316 | D:1      | Reached XP level 3. HP: 24/24 MP: 3/3
   464 | D:2      | Reached skill level 7 in Slings
   644 | D:2      | Reached XP level 4. HP: 28/29 MP: 4/4
   729 | D:2      | Found a hide-covered altar of Uskayaw.
   737 | D:2      | Noticed a dagger
   738 | D:2      | Noticed a dagger
   805 | D:2      | Found a runed door.
   907 | D:2      | Noticed Sigmund
  1365 | D:2      | Noticed Natasha
  1368 | D:2      | Killed Natasha
  1368 | D:2      | Reached skill level 8 in Slings
  1368 | D:2      | Reached XP level 5. HP: 7/34 MP: 5/5
  1380 | D:2      | Killed Sigmund
  1380 | D:2      | Reached skill level 9 in Slings
  1380 | D:2      | Reached skill level 1 in Armour
  1380 | D:2      | Reached XP level 6. HP: 6/41 MP: 6/6
  1804 | D:2      | Noticed Natasha
  1809 | D:2      | Killed Natasha
  1843 | D:2      | Noticed Natasha
  1846 | D:2      | Killed Natasha
  1968 | D:3      | Reached skill level 1 in Short Blades
  2126 | D:3      | Found a deep blue altar of Sif Muna.
  2249 | D:3      | Noticed Norrik's ghost (amateur MiMo)
  2313 | D:3      | Reached XP level 7. HP: 45/45 MP: 7/7
  2983 | D:3      | Noticed Robin
  2995 | D:3      | Killed Robin
  2995 | D:3      | Reached skill level 10 in Slings
  3032 | D:3      | Found a shadowy altar of Dithmenos.
  3267 | D:4      | Found a white marble altar of Elyvilon.
  3335 | D:4      | HP: 2/46 [something/puff of flame (4)]
  3336 | D:4      | Killed from afar by an orc wizard

Skill      XL: |  1  2  3  4  5  6  7 |
---------------+----------------------+-----
Slings         | 6 7 8 9 10 | 10.4
Fighting       | 2 3 |  3.2
Armour         | 1 |  1.9
Dodging        | 3 |  3.1
Short Blades   | 1 2 |  2.1
Stealth        | |  1.1

Action                   |  1- 3 |  4- 6 |  7- 9 || total
-------------------------+-------+-------+-------++-------
Melee: Short sword       |       |     5 |    15 ||    20
 Fire: Hunting sling     |    60 |   103 |   158 ||   321
  Use: Scroll            |       |     9 |     4 ||    13
       Potion            |       |     6 |     4 ||    10
  Eat: Chunk             |       |     1 |     2 ||     3
       Ration            |       |     1 |       ||     1
Armor: Leather armour    |     1 |     2 |    14 ||    17
       Skin              |       |    15 |       ||    15
Dodge: Dodged            |     4 |    20 |    78 ||   102
